 Dungeon Crawl Stone Soup version 0.30-a0-137-gd8773701ce (webtiles) character file.

Game seed: 3104919439029201945

57 KarmaKiller the Slasher (level 4, 0/42 HPs)
             Began as a Naga Berserker on Sept 23, 2022.
             Was a Believer of Trog.
             Succumbed to an adder's poison
             ... on level 2 of the Dungeon.
             The game lasted 00:08:33 (1635 turns).

KarmaKiller the Slasher (Naga Berserker)            Turns: 1635, Time: 00:08:34

Health: 0/42       AC:  4    Str: 22    XL:     4   Next: 0%
Magic:  4/4        EV:  9    Int:  7    God:    Trog [**....]
Gold:   151        SH:  0    Dex: 10    Spells: 3/3 levels left

rFire   . . .      SeeInvis +    a - +0 falchion
rCold   . . .      Faith    .    (no shield)
rNeg    . . .      Spirit   .    g - +0 leather armour
rPois   +          Reflect  .    (no helmet)
rElec   .          Harm     .    (no cloak)
rCorr   .          Rampage  .    f - +0 pair of gloves
Will    .....                    (no barding)
Stlth   +.........               (no amulet)
HPRegen 0.14/turn                (no ring)
MPRegen 0.09/turn                (no ring)

@: lethally poisoned (0 -> -2), very slow
A: AC +1, large, see invisible, deformed body, poison resistance, slowness 2,
spit poison 1, naga tail 1
a: Spit Poison, Renounce Religion, Berserk, Trog's Hand


You were on level 2 of the Dungeon.
You worshipped Trog.
Trog was pleased with you.
You visited 1 branch of the dungeon, and saw 2 of its levels.

You collected 151 gold pieces.

Inventory:

Hand Weapons
 a - a +0 falchion (weapon)
Armour
 b - a +0 animal skin
 f - a +0 pair of gloves (worn)
 g - a +0 leather armour (worn)
Scrolls
 c - a scroll of enchant weapon {unknown}
Potions
 d - a potion of haste {unknown}
 e - a potion of heal wounds {unknown}
 h - 2 potions of ambrosia
 i - a potion of might {unknown}


   Skills:
 + Level 3.2 Fighting
 + Level 4.0 Long Blades
 + Level 1.6 Armour
 + Level 2.0 Dodging
 + Level 1.1 Stealth


You had 3 spell levels left.
You didn't know any spells.
Your spell library contained the following spells:

 Spells                   Type           Power      Damage    Failure   Level
 Malign Gateway           Summ/Tloc      0%         N/A       100%        7
 Summon Horrible Things   Summ           0%         N/A       100%        8


Dungeon Overview and Level Annotations

Branches:
Dungeon (2/15)

Altars:


Innate Abilities, Weirdness & Mutations

Your serpentine skin is tough. (AC +1)
You have supernaturally acute eyesight. (SInv)
Armour fits poorly on your strangely shaped body.
Your system is resistant to poisons. (rPois)
You cover ground very slowly.
You can spit poison.
You have a snake-like lower body.


Message History

You closely miss the adder.
The adder is heavily wounded.
The adder barely misses you.
You barely miss the adder.
The adder is heavily wounded.
The adder bites you.
You are poisoned.
The adder poisons you! The adder bites you but does no damage.
You miss the adder.
The adder is heavily wounded.
You feel sick. The adder bites you.
You miss the adder.
The adder is heavily wounded.
You feel sick. The adder bites you.
You are more poisoned.
The adder poisons you! The adder closely misses you.
You barely miss the adder.
The adder is heavily wounded.
You feel sick. The adder bites you.
* * * LOW HITPOINT WARNING * * *
You hit the adder.
The adder is almost dead.
* * * LOW HITPOINT WARNING * * *
You feel sick. The adder bites you but does no damage. The adder bites you.
* * * LOW HITPOINT WARNING * * *
You miss the adder.
The adder is almost dead.
* * * LOW HITPOINT WARNING * * *
You feel sick. The adder closely misses you.
You hit the adder.
You kill the adder!
Trog accepts your kill.
* * * LOW HITPOINT WARNING * * *
You feel sick.
Your Long Blades skill increases to level 4!
You have reached level 4!
You feel stronger.
* * * LOW HITPOINT WARNING * * *
You feel sick.
You die...

##### ##...####
##.......###
#..#.......##
######
####.####......#
##.....##?....#
####...##
#.............#
##...#
......>.†.@...#
#...##
.......)......#
##..)##
..............#
#.....
..............#
##....
..............#
###..
..............#
###
#.............#
######
##......#.....#
#.....
..#####.##..###
#.....


There were no monsters in sight!

Vanquished Creatures
  2 adders (D:2)
  A dart slug (D:1)
  4 bats
  An endoplasm (D:1)
  A giant cockroach (D:1)
  5 goblins
  5 hobgoblins
  A quokka (D:1)
  3 ball pythons (D:1)
  3 frilled lizards
  4 kobolds
  7 rats
37 creatures vanquished.

Notes
Turn   | Place    | Note
-------+----------+-------------------------------------------
     0 | D:1      | KarmaKiller the Naga Berserker began the quest for the Orb.
     0 | D:1      | Reached XP level 1. HP: 21/21 MP: 1/1
   353 | D:1      | Reached XP level 2. HP: 19/28 MP: 2/2
   524 | D:1      | Found a faded altar of an unknown god.
   885 | D:1      | Reached XP level 3. HP: 30/34 MP: 3/3
  1426 | D:2      | Reached skill level 1 in Stealth
  1564 | D:2      | Reached ** piety under Trog
  1633 | D:2      | HP: 1/34 [poisoned by an adder]
  1634 | D:2      | Reached skill level 4 in Long Blades
  1634 | D:2      | Reached XP level 4. HP: 2/42 MP: 4/4
  1635 | D:2      | Succumbed to an adder's poison

Illustrated notes

Levels and vault maps discovered:
D:1:      amcnicky_arrival_wind_blow, layout_basic,
          ebering_ecumenical_altar_sacrificial
D:2:      layout_rooms, serial_curves, eino_curves_04, eino_curves_02,
          eino_curves_04, mrwooster_statue_mirror, chequers_jeans,
          minmay_domino_4

Skill      XL: |  1  2  3 |
---------------+----------+-----
Stealth        | 1 |  1.1
Dodging        | 2 |  2.0
Long Blades    | 4 |  4.0
Fighting       | |  3.2
Armour         | |  1.6

Action                   |  1- 3 |  4- 6 || total
-------------------------+-------+-------++-------
Melee: Falchion          |   158 |       ||   158
       Punch             |     1 |       ||     1
  Use: Potion            |     1 |       ||     1
Armor: Animal skin       |    17 |       ||    17
       Leather armour    |    42 |       ||    42
Dodge: Dodged            |    91 |       ||    91

Table legend: (Time is in decaauts)
 A = Elapsed time spent in this place.
 B = Non-inter-level travel time spent in this place.
 C = Inter-level travel time spent in this place.
 D = Time resting spent in this place.
 E = Time spent auto-exploring this place.
 F = Levels seen in this place.
 G = Mean time per level.
                   A        B        C        D        E       F      G
               +--------+--------+--------+--------+--------+-----+--------+
         Total |   2086 |   2086 |      0 |    337 |      0 |   2 | 1043.0 |
       Dungeon |   2086 |   2086 |      0 |    337 |      0 |   2 | 1043.0 |
               +--------+--------+--------+--------+--------+-----+--------+

Top non-repeatable levels by time:
     D:1: 1686 daAuts
     D:2: 400 daAuts
